 Dungeon Crawl Stone Soup version 0.31-a0-233-g139696dc86 (webtiles) character file.

Game seed: 9671942332385351881

198 olmar the Covered (level 5, 0/48 HPs)
             Began as an Armataur Fighter on July 8, 2023.
             Splashed by a jelly's acid (9 damage)
             ... on level 6 of the Dungeon.
             The game lasted 00:03:52 (2848 turns).

olmar the Covered (Armataur Fighter)                Turns: 2848, Time: 00:03:52

Health: 0/48       AC: -10   Str: 23    XL:     5   Next: 47%
Magic:  5/5        EV:  7    Int:  8    God:
Gold:   178        SH:  4    Dex: 10    Spells: 4/4 levels left

rFire   . . .        a - +0 flail
rCold   . . .        c - +0 buckler
rNeg    . . .        b - +0 scale mail
rPois   .            (no helmet)
rElec   .            r - +1 cloak
rCorr   .            (no gloves)
SInv    .            (no barding)
Will    .....        (no amulet) Stlth
                     (no ring)
HPRegen 0.28/turn    (no ring)
MPRegen 0.09/turn

%: roll
@: corroded
A: large, rugged brown scales 3, deformed body, armoured tail, roll, long
tongue, awkward tongue
a: no special abilities


You were on level 6 of the Dungeon.
You visited 1 branch of the dungeon, and saw 5 of its levels.

You collected 178 gold pieces.

Inventory:

Hand Weapons
 a - a +0 flail (weapon)
Missiles
 j - a throwing net
 v - 3 poisoned darts (quivered)
Armour
 b - a +0 scale mail (worn)
 c - a +0 buckler (worn)
 r - a +1 cloak (worn)
Jewellery
 e - a ring of magical power
 l - a +6 ring of intelligence
Wands
 y - a wand of roots (7)
Scrolls
 g - a scroll of blinking {unknown}
 m - a scroll of identify {unknown}
 n - a scroll of enchant weapon {unknown}
 o - a scroll of enchant armour
 p - a scroll of torment {unknown}
 q - a scroll of vulnerability {unknown}
 s - a scroll of fog {unknown}
 t - a scroll of amnesia {unknown}
 u - a scroll of teleportation {unknown}
 w - a scroll of immolation {unknown}
 z - a scroll of fear {unknown}
 A - a scroll of poison {unknown}
Potions
 d - 2 potions of might
 f - a potion of berserk rage {unknown}
 h - a potion of enlightenment {unknown}
 i - 2 potions of heal wounds {unknown}
 k - a potion of curing {unknown}
 x - 2 potions of brilliance {unknown}


   Skills:
 + Level 3.2 Fighting
 + Level 3.3 Maces & Flails
 + Level 5.0 Armour
 - Level 0.4 Stealth
 + Level 4.4 Shields


You had 4 spell levels left.
You didn't know any spells.
Your spell library was empty.

Dungeon Overview and Level Annotations

Branches:
Dungeon (4/15)
 Temple: D:4-7

Altars:
Vehumet

Annotations:
D:4 Eustachio


Innate Abilities, Weirdness & Mutations

You are completely covered in rugged brown scales. (AC +3, +7% HP)
Armour fits poorly on your strangely shaped body.
You have a long armoured tail.
You roll when moving toward enemies. (Rampage)
Your long tongue fully drains potion bottles. (2x potion effects)
Your tongue gives you trouble enunciating. (1.5x scroll delay)


Message History

The shaft crumbles and collapses.
You hear the sound of rushing water.
There is an entrance to a sewer on this level.
Hurry and find it before the portal rusts away!
Found a scroll labelled OWKEOROCKI.
Unknown command.
Found 4 stones and a short sword.
o - 2 scrolls labelled OWKEOROCKI (gained 1) As you slowly read the scroll labelled OWKEOROCKI, it crumbles to dust.
It is a scroll of enchant armour.
Your +0 cloak glows green for a moment.
Okay, then.
A jelly comes into view.
A jelly is nearby!
You roll towards the jelly!
You roll towards the jelly!
You hit the jelly.
Your hands burn!
You tail-slap the jelly.
The jelly is heavily wounded.
The jelly hits you. The acid corrodes you!
You are splashed with acid!
You hit the jelly but do no damage.
Your hands burn!
The jelly is heavily wounded.
The jelly hits you but does no damage. x2
You hit the jelly.
Your hands burn!
The jelly is heavily wounded.
The jelly closely misses you.
You hit the jelly. The acid corrodes you!
Your hands burn!
The jelly is almost dead.
The jelly barely misses you.
You hit the jelly but do no damage. The acid corrodes you!
Your hands burn!
The jelly is almost dead.
The jelly hits you. The acid corrodes you!
You are splashed with acid!
* * * LOW HITPOINT WARNING * * *
Unknown command.
You hit the jelly but do no damage.
Your hands burn!
* * * LOW HITPOINT WARNING * * *
You tail-slap the jelly, but do no damage.
The jelly is almost dead.
The jelly hits you.
* * * LOW HITPOINT WARNING * * *
The acid corrodes you!
You are splashed with acid!
You die...

### #.. #.# .# .
## #.# .#
...##.##.##### .#
#...........# .##
##...J@.###.###..
##...#.# #.##.#
##.##.###....# #
#. #........###.#
# #########...#
#.......#
#.#.###.# #.#.. #
#.###.


You could see a jelly.

Vanquished Creatures
  9 gnolls
  3 adders
  An ufetubus (D:4)
  A worm (D:4)
  A dart slug (D:2)
  4 orcs
  4 bats
  2 endoplasms (D:3)
  4 giant cockroaches
  8 goblins
  6 hobgoblins
  2 jackals (D:1)
  3 quokkas
  5 ball pythons
  4 frilled lizards
  8 kobolds
  10 rats
75 creatures vanquished.

Notes
Turn   | Place    | Note
-------+----------+-------------------------------------------
     0 | D:1      | olmar the Armataur Fighter began the quest for the Orb.
     0 | D:1      | Reached XP level 1. HP: 19/19 MP: 1/1
    94 | D:1      | Reached XP level 2. HP: 21/26 MP: 2/2
   298 | D:1      | Reached XP level 3. HP: 33/33 MP: 3/3
   434 | D:1      | Reached skill level 4 in Armour
  1228 | D:2      | Reached XP level 4. HP: 38/40 MP: 4/4
  2159 | D:3      | Reached XP level 5. HP: 33/48 MP: 5/5
  2353 | D:3      | Found a radiant altar of Vehumet.
  2626 | D:4      | Reached skill level 5 in Armour
  2709 | D:4      | Noticed Eustachio
  2828 | D:4      | You fall into a shaft and drop 2 floors!
  2848 | D:6      | Splashed by a jelly's acid

Illustrated notes

Levels and vault maps discovered:
D:1:      tarquinn_simple_flora_water_c, layout_basic, minmay_misc_feat_enclosed
D:2:      layout_loops_cross, minmay_tetromino_i2
D:3:      layout_basic, nicolae_vehumet_altar_sigil, grunt_ministairs_14
D:4:      layout_cave_pools, grunt_ashenzari_visionary
          [grunt_ashenzari_visionary_shoals, grunt_ashenzari_visionary_snake],
          nicolae_hepliaklqana_monster_ancestors, uniq_eustachio
D:6:      layout_loops_corners, mainiacjoe_overflow_alcove_3,
          kennysheep_okawaru_gauntlet, minmay_temple_entry_large_hall,
          cheibrodos_sewer_entry_bend, dk_noncrumbling_4

Skill      XL: |  1  2  3  4  5 |
---------------+----------------+-----
Fighting       | 3 |  3.2
Maces & Flails | 2 3 |  3.3
Armour         | 4 5 |  5.0
Shields        | 4 |  4.4
Stealth        | |  0.4

Action                     |  1- 3 |  4- 6 || total
---------------------------+-------+-------++-------
  Melee: Flail             |   132 |   101 ||   233
         Tailslap          |    11 |    10 ||    21
  Throw: Dart              |       |     3 ||     3
  Evoke: Wand              |       |     1 ||     1
    Use: Scroll            |       |     1 ||     1
 Armour: Scale mail        |    80 |    59 ||   139
  Dodge: Dodged            |    53 |    38 ||    91
  Block: Buckler           |    35 |    22 ||    57

Table legend: (Time is in decaauts)
 A = Elapsed time spent in this place.
 B = Non-inter-level travel time spent in this place.
 C = Inter-level travel time spent in this place.
 D = Time resting spent in this place.
 E = Time spent auto-exploring this place.
 F = Levels seen in this place.
 G = Mean time per level.
                   A        B        C        D        E       F      G
               +--------+--------+--------+--------+--------+-----+--------+
         Total |   2920 |   2790 |    130 |    450 |   1693 |   5 |  584.0 |
       Dungeon |   2920 |   2790 |    130 |    450 |   1693 |   5 |  584.0 |
               +--------+--------+--------+--------+--------+-----+--------+

Top non-repeatable levels by time:
     D:1: 966 daAuts
     D:2: 891 daAuts
     D:3: 735 daAuts
     D:4: 306 daAuts
     D:6: 21 daAuts
